 Dungeon Crawl Stone Soup version 0.29-a0-275-g389c0b56f3 (webtiles) character file.

Game seed: 12214619561726239996

98 bande the Covered (level 4, -1/29 HPs)
             Began as a Gargoyle Fighter on Mar 11, 2022.
             Slain by Natasha (6 damage)
             ... on level 2 of the Dungeon.
             The game lasted 00:02:24 (1971 turns).

bande the Covered (Gargoyle Fighter)                Turns: 1971, Time: 00:02:25

Health: -1/29      AC: 10    Str: 19    XL:     4   Next: 71%
Magic:  4/4        EV:  5    Int:  9    God:
Gold:   83         SH: 12    Dex: 11    Spells: 3/3 levels left

rFire   . . .      SeeInvis .   a - +0 war axe
rCold   . . .      Faith    .   g - +0 tower shield
rNeg    + . .      Spirit   .   b - +0 scale mail
rPois   ∞          Reflect  .   (no helmet)
rElec   +          Harm     .   (no cloak)
rCorr   .          Rampage  .   (no gloves)
Will    .....                   (no boots)
Stlth   ..........              (no amulet)
HPRegen 0.09/turn               (no ring)
MPRegen 0.09/turn               (no ring)

@: slowed, very slow
A: sickness immunity, AC +3, negative energy resistance 1, electricity
resistance, torment resistance 1, petrification resistance
a: no special abilities


You were on level 2 of the Dungeon.
You visited 1 branch of the dungeon, and saw 2 of its levels.

You collected 83 gold pieces.

Inventory:

Hand Weapons
 a - a +0 war axe (weapon)
Armour
 b - a +0 scale mail (worn)
 g - a +0 tower shield (worn)
Scrolls
 e - 2 scrolls of fear {unknown}
 f - a scroll of identify {unknown}
 i - a scroll of teleportation
Potions
 c - a potion of heal wounds {unknown}
 d - a potion of might
 h - 2 potions of lignification {unknown}


   Skills:
 + Level 4.0 Fighting
 + Level 3.1 Axes
 + Level 4.0 Armour
 - Level 0.1 Stealth
 + Level 3.5 Shields


You had 3 spell levels left.
You didn't know any spells.
Your spell library contained the following spells:

 Spells                   Type           Power      Damage    Failure   Level
 Freeze                   Ice            0%         1d3       100%        1
 Tukima's Dance           Hex            0%         N/A       100%        3
 Hailstorm                Conj/Ice       0%         3d3       100%        4
 Passage of Golubria      Tloc           0%         N/A       100%        4
 Yara's Violent Unravell  Hex/Tmut       0%         3d3       100%        5
 Ozocubu's Refrigeration  Ice            0%         4d5       100%        7
 Statue Form              Tmut/Erth      Unusable   N/A       N/A         6

Dungeon Overview and Level Annotations

Branches:
Dungeon (2/15)

Altars:
Qazlal

Annotations:
D:2 Natasha


Innate Abilities, Weirdness & Mutations

You are immune to sickness and miasma.
Your stone body is resilient. (AC +3)
You are immune to poison.
You resist negative energy. (rN+)
You are resistant to electric shocks. (rElec)
You are resistant to unholy torment.
You are immune to petrification.


Message History

Natasha, Servant of Life and Death comes into view.
Natasha hisses angrily.
Natasha growls.
Natasha casts a spell at you.
You feel yourself slow down.
You closely miss Natasha. Natasha claws you.
Natasha claws you but does no damage. Natasha barely misses you.
You hit Natasha but do no damage. Natasha claws you.
You block Natasha's attack. x2
You closely miss Natasha.
Natasha stares at you and mumbles some strange words.
The magic dart hits you but does no damage.
Natasha mumbles some strange words.
You barely miss Natasha. Natasha claws you.
Natasha claws you but does no damage. x2
The iron imp hits you but does no damage.
You closely miss Natasha. You slash the iron imp!
Natasha casts a spell.
You block the iron imp's attack. Natasha claws you.
You block the iron imp's attack.
You hit the iron imp but do no damage.
The iron imp is severely wounded.
You hit Natasha. Natasha claws you.
Natasha hisses.
Natasha claws you but does no damage. Natasha claws you.
You block the iron imp's attack.
You are too injured to fight recklessly!
You are too injured to fight recklessly!
You are too injured to fight recklessly!
You are too injured to fight recklessly!
You are too injured to fight recklessly!
You are too injured to fight recklessly!
You are too injured to fight recklessly!
You barely miss Natasha.
Natasha is heavily wounded.
You hit the iron imp. x2; You block Natasha's attack.
The iron imp hits you.
* * * LOW HITPOINT WARNING * * *
The iron imp shouts, "Take thy face hence, thou pandering nose-picking gonus!"
You block the iron imp's attack. Natasha claws you.
You die...

# ##.# ##### # ...### #...#
# ##.....# ##...# # .. ...#
###....# ##.## ..# #...#.##
#...####.# #.#...#
#≈≈≈≈≈≈#.### ### ###..####
#...####...###.###....##≈#
.####.##.#.....h@..##.##≈#
.###...........55..##.#≈≈##
..##.###.#.........##..≈≈≈#
#............#.....##..≈≈.#
##...##............[#≈.≈≈.##
...#......)..........≈.≈≈≈≈#
######................≈≈...#
#................≈≈≈..# #
#.................≈≈≈.#


You could see 2 iron imps and Natasha.

Vanquished Creatures
  Jessica (D:2)
  Natasha (D:2)
  An adder (D:2)
  A worm (D:2)
  2 ball pythons (D:1)
  6 endoplasms
  2 giant cockroaches
  5 goblins
  A hobgoblin (D:1)
  2 kobolds (D:1)
  2 quokkas (D:2)
  4 bats (D:1)
  2 frilled lizards (D:2)
  3 rats
33 creatures vanquished.

Notes
Turn   | Place    | Note
-------+----------+-------------------------------------------
     0 | D:1      | bande the Gargoyle Fighter began the quest for the Orb.
     0 | D:1      | Reached XP level 1. HP: 14/14 MP: 1/1
    49 | D:1      | Found a faded altar of an unknown god.
   164 | D:1      | Reached XP level 2. HP: 19/19 MP: 2/2
   569 | D:1      | Got the Grimoire of Ice and Changing
   997 | D:2      | Reached XP level 3. HP: 18/24 MP: 3/3
  1306 | D:2      | Noticed Jessica
  1309 | D:2      | Found a stormy altar of Qazlal.
  1314 | D:2      | Killed Jessica
  1527 | D:2      | Reached XP level 4. HP: 24/29 MP: 4/4
  1591 | D:2      | Noticed Natasha
  1605 | D:2      | Killed Natasha
  1961 | D:2      | Noticed Natasha
  1971 | D:2      | Slain by Natasha

Illustrated notes

Levels and vault maps discovered:
D:1:      matt_arrival_los_fun, layout_loops_ring,
          ebering_ecumenical_altar_mist, chequers_arboretum
D:2:      layout_rooms, serial_rivers, chequers_serial_rivers_room_a,
          chequers_serial_rivers_micro_c, chequers_serial_rivers_small_3,
          chequers_serial_rivers_micro_b, chequers_serial_rivers_large_b,
          chequers_serial_rivers_small_3, basic_altar, minmay_puff,
          uniq_jessica, uniq_natasha

Skill      XL: |  1  2  3  4 |
---------------+-------------+-----
Axes           | 2 3 |  3.1
Armour         | 4 |  4.0
Fighting       | 4 |  4.0
Stealth        | |  0.1
Shields        | |  3.5

Action                   |  1- 3 |  4- 6 || total
-------------------------+-------+-------++-------
Melee: War axe           |    70 |    39 ||   109
  Use: Scroll            |     4 |       ||     4
Armor: Scale mail        |    44 |    17 ||    61
Dodge: Dodged            |    37 |     3 ||    40
Block: Buckler           |    10 |       ||    10
       Tower shield      |       |    23 ||    23

Table legend: (Time is in decaauts)
 A = Elapsed time spent in this place.
 B = Non-inter-level travel time spent in this place.
 C = Inter-level travel time spent in this place.
 D = Time resting spent in this place.
 E = Time spent auto-exploring this place.
 F = Levels seen in this place.
 G = Mean time per level.
                   A        B        C        D        E       F      G
               +--------+--------+--------+--------+--------+-----+--------+
         Total |   2076 |   2036 |     40 |    205 |   1397 |   2 | 1038.0 |
       Dungeon |   2076 |   2036 |     40 |    205 |   1397 |   2 | 1038.0 |
               +--------+--------+--------+--------+--------+-----+--------+

Top non-repeatable levels by time:
     D:2: 1063 daAuts
     D:1: 1013 daAuts
